[Event "Titled Tuesday Blitz July 11 Early 2023"]
[White "slidingknight2775"]
[Black "Fantinel, Thibault"]
[BlackFideId "663395"]
[WhiteElo "2515"]
[BlackElo "2654"]
[Result "0-1"]
[Round "6"]
[TimeControl "180+2"]
[Date "2023.07.11"]
[WhiteClock "0:00:05"]
[BlackClock "0:00:18"]
[Board "94"]

1. Nf3 Nf6 2. g3 b6 3. Bg2 Bb7 4. O-O g6 5. b3 Bg7 6. Bb2 O-O 7. c4 c5 8. d4 cxd4 9. Qxd4 d6 10. Qd1 Nbd7 11. Nc3 Rc8 12. Rc1 a6 13. Qd2 Nc5 14. Rfd1 Qd7 15. Nd4 Bxg2 16. Kxg2 Qb7+ 17. Nf3 b5 18. Nd5 Nxd5 19. cxd5 Bxb2 20. Qxb2 Rc7 21. h4 h5 22. Qd4 Rfc8 23. g4 hxg4 24. Qxg4 Nd7 25. Rxc7 Rxc7 26. h5 Nf6 27. Qg5 Nxh5 28. Rh1 Kf8 29. e4 Qc8 30. Nd4 Ke8 31. Nc6 Rxc6 32. dxc6 Qxc6 33. Qe3 e5 34. Rd1 Nf4+ 35. Kg1 Kf8 36. Kh2 Kg7 37. f3 Qc8 38. Kg1 Qh3 39. Qf2 Qe6 40. Qd2 Qh3 41. Qf2 Qh5 42. Re1 Nh3+ 43. Kf1 Nxf2 44. Kxf2 Qh2+ 45. Ke3 Qxa2 46. Re2 Qxb3+ 47. Kd2 Qb2+ 48. Ke3 Qxe2+ 49. Kxe2 f5 50. f4 exf4 51. e5 dxe5 0-1


[Site "https://www.chess.com"]

[Event "Titled Tuesday Blitz July 11 Early 2023"]
[White "Liyanage, Ranindu Dilshan"]
[Black "Shvedova, Alexandra"]
[WhiteFideId "9915834"]
[BlackFideId "54154782"]
[WhiteElo "2647"]
[BlackElo "2512"]
[Result "0-1"]
[Round "6"]
[TimeControl "180+2"]
[Date "2023.07.11"]
[WhiteClock "0:00:04"]
[BlackClock "0:00:12"]
[Board "95"]

1. e4 e5 2. Nf3 Nc6 3. Bc4 Bc5 4. c3 Nf6 5. d4 exd4 6. cxd4 Bb4+ 7. Nbd2 d5 8. exd5 Nxd5 9. a3 Be7 10. O-O O-O 11. Ba2 Bg4 12. h3 Bh5 13. Qb3 Nf4 14. d5 Ne2+ 15. Kh1 Ncd4 16. Nxd4 Nxd4 17. Qc4 c5 18. Re1 b5 19. Qc3 Bg6 20. Ne4 Rc8 21. Bf4 Bxe4 22. Rxe4 Bd6 23. Bxd6 Qxd6 24. Rae1 h6 25. b4 Nf5 26. bxc5 Rxc5 27. Qf3 g6 28. Re5 Ng7 29. Qe3 Kh7 30. Qd3 Rc1 31. Rxc1 Qxe5 32. d6 Rd8 33. Rd1 Nf5 34. d7 Qe7 35. Qd5 Kg7 36. Qxb5 Nd6 37. Qb2+ f6 38. Qc3 Rxd7 39. Re1 Qd8 40. Re6 Rf7 41. Qb3 Nf5 42. Re4 Rd7 43. Kh2 Nd4 44. Qc4 Nf5 45. g3 Nd6 46. Qe6 Nxe4 47. Qxe4 Qe7 48. Qc4 Qe8 49. Bb3 Re7 50. a4 a5 51. Qc5 Re5 52. Qc7+ Qe7 53. Qc4 Qe8 54. Qc7+ Qe7 55. Qc4 Qe8 56. Qc3 Re2 57. Qc5 Qe7 58. Qd4 Re4 59. Qd5 Qe8 60. Qxa5 Re2 61. Qa7+ Qe7 62. Qd4 Qe5 63. Qd7+ Qe7 64. Qd4 Qe5 65. Qb6 h5 66. a5 h4 67. Qb7+ Kh6 68. Qf3 hxg3+ 69. Qxg3 Rxf2+ 70. Kg1 Qxg3+ 0-1


[Site "https://www.chess.com"]

[Event "Titled Tuesday Blitz July 11 Early 2023"]
[White "Lehtosaari, Mauri"]
[Black "Haug, Havard"]
[WhiteFideId "501999"]
[BlackFideId "1547887"]
[WhiteElo "2506"]
[BlackElo "2638"]
[Result "1/2-1/2"]
[Round "6"]
[TimeControl "180+2"]
[Date "2023.07.11"]
[WhiteClock "0:00:18"]
[BlackClock "0:00:21"]
[Board "96"]

1. d4 d5 2. Nf3 c5 3. e3 Nf6 4. Be2 Nc6 5. O-O e6 6. a3 cxd4 7. exd4 Bd6 8. c3 O-O 9. Bg5 h6 10. Bh4 Re8 11. Nbd2 g5 12. Bg3 Ne4 13. Bxd6 Qxd6 14. Bb5 Nxd2 15. Qxd2 Bd7 16. Bxc6 Bxc6 17. Ne5 f6 18. Ng4 Kg7 19. f4 h5 20. fxg5 hxg4 21. gxf6+ Kg6 22. Qd3+ Kg5 23. Qd2+ Kg6 24. Qd3+ Kg5 25. Qd2+ Kg6 1/2-1/2


[Site "https://www.chess.com"]

[Event "Titled Tuesday Blitz July 11 Early 2023"]
[White "Bobkov, Vadim"]
[Black "Shishkov, Andrei"]
[WhiteFideId "34110876"]
[BlackFideId "4500563"]
[WhiteElo "2635"]
[BlackElo "2497"]
[Result "0-1"]
[Round "6"]
[TimeControl "180+2"]
[Date "2023.07.11"]
[WhiteClock "0:00:00"]
[BlackClock "0:00:32"]
[Board "97"]

1. d4 Nf6 2. c4 e6 3. Nc3 Bb4 4. f3 O-O 5. a3 Bxc3+ 6. bxc3 Ne8 7. e4 b6 8. Bd3 Nc6 9. Ne2 Ba6 10. O-O Na5 11. f4 Bxc4 12. Be3 f5 13. exf5 exf5 14. Ng3 Nd6 15. Re1 Bxd3 16. Qxd3 Nac4 17. Bc1 b5 18. Ra2 Qf6 19. Rae2 Rae8 20. Re5 g6 21. a4 a6 22. axb5 axb5 23. Kf2 Qf7 24. h4 h5 25. Nf1 Nxe5 26. dxe5 Ne4+ 27. Kg1 d6 28. Ng3 dxe5 29. Nxe4 fxe4 30. Qxe4 exf4 31. Qxe8 Rxe8 32. Rxe8+ Qxe8 33. Kf2 Qe4 0-1


[Site "https://www.chess.com"]

[Event "Titled Tuesday Blitz July 11 Early 2023"]
[White "Niekras, Dawid"]
[Black "Novikov, Evgenij"]
[WhiteFideId "1160451"]
[BlackFideId "4125380"]
[WhiteElo "2607"]
[BlackElo "2487"]
[Result "1/2-1/2"]
[Round "6"]
[TimeControl "180+2"]
[Date "2023.07.11"]
[WhiteClock "0:00:11"]
[BlackClock "0:00:22"]
[Board "98"]

1. e4 c5 2. Be2 g6 3. f4 Bg7 4. Nf3 Nh6 5. O-O O-O 6. d3 f5 7. e5 d6 8. c3 Kh8 9. Be3 Nc6 10. d4 cxd4 11. cxd4 Ng4 12. Qd2 dxe5 13. dxe5 Nxe3 14. Qxe3 Be6 15. Nc3 Qb6 16. Qxb6 axb6 17. a3 Rfd8 18. Rfd1 Bb3 19. Rxd8+ Rxd8 20. Kf2 e6 21. Bd1 Bc4 22. Be2 Bb3 23. Bd1 Bc4 24. b3 Rd3 25. Be2 Rxc3 26. Bxc4 Bf8 27. g3 Bc5+ 28. Kg2 Rc2+ 29. Kh3 h6 30. Bxe6 Rf2 31. Bd5 g5 32. fxg5 hxg5 33. Nxg5 Nxe5 34. Nf7+ Nxf7 35. Bxf7 b5 36. Bd5 b6 37. Bc6 b4 38. axb4 Bxb4 39. Ra7 f4 40. gxf4 Rxf4 41. Kg2 Rg4+ 42. Kf3 Rh4 43. Kg3 Be1+ 44. Kg2 Rh6 45. Bf3 Bc3 46. Rb7 Bd4 47. h3 Bc5 48. Bg4 Rf6 49. Rd7 Rd6 50. Rxd6 Bxd6 51. Kf3 Bc5 52. Ke4 Kg7 53. Kd5 Kf6 54. Kc6 Kg5 55. Kb5 Kh4 56. b4 Be3 57. Ka6 Kg5 58. b5 Kf6 59. Kb7 Kg5 60. Ka6 Kh4 61. Kb7 Kg5 62. Ka6 1/2-1/2


[Site "https://www.chess.com"]

[Event "Titled Tuesday Blitz July 11 Early 2023"]
[White "Arat, Ufuk Sezen"]
[Black "Ocelak, Jakub"]
[WhiteFideId "6309089"]
[BlackFideId "23707933"]
[WhiteElo "2578"]
[BlackElo "2468"]
[Result "0-1"]
[Round "6"]
[TimeControl "180+2"]
[Date "2023.07.11"]
[WhiteClock "0:00:17"]
[BlackClock "0:00:10"]
[Board "99"]

1. e4 e5 2. Nf3 Nc6 3. c3 Nf6 4. d4 exd4 5. e5 Nd5 6. cxd4 d6 7. Bb5 Bd7 8. O-O Be7 9. Nc3 Nxc3 10. bxc3 O-O 11. Bf4 Nxe5 12. dxe5 Bxb5 13. Re1 dxe5 14. Bxe5 Qxd1 15. Raxd1 Rac8 16. Bxg7 Kxg7 17. Rxe7 Rfe8 18. Rde1 Rxe7 19. Rxe7 Kf6 20. Re4 Rd8 21. h4 Rd1+ 22. Kh2 h6 23. Rf4+ Ke7 24. Re4+ Kf6 25. Ne5 Rd2 26. Ng4+ Kg7 27. Re7 h5 28. Ne3 Rxf2 29. Rxc7 Bc6 30. Kg3 Rxa2 31. Kf4 Kg6 32. g4 Rf2+ 33. Ke5 Re2 34. Kf4 Rf2+ 35. Ke5 f6+ 36. Kd6 hxg4 37. Rc8 Rd2+ 38. Kc5 Bf3 39. c4 Rh2 40. Rg8+ Kf7 41. Nxg4 Rxh4 42. Ra8 Rxg4 43. Rxa7 Kg6 44. Kb5 Bc6+ 45. Kc5 Rg5+ 46. Kd6 Re5 47. Ra8 Re4 48. c5 Rd4+ 49. Ke6 Rc4 50. Rg8+ Kh7 51. Rg1 Rf4 52. Rg3 Kh6 53. Kf7 Kh5 54. Rg7 f5 55. Kf6 Kh4 56. Ke5 Rf1 57. Kf6 f4 58. Rh7+ Kg3 59. Kg5 Kf3 60. Rh4 Rg1+ 61. Kf5 Bd7+ 62. Ke5 Rg5+ 63. Kd4 Bc6 64. Rh2 Rg3 65. Rd2 Kg4 66. Ke5 f3 67. Rd4+ Kh3 68. Rd8 Kg2 69. Rh8 f2 70. Rf8 f1=Q 71. Rxf1 Kxf1 72. Kd6 Ke2 73. Kc7 Rc3 74. Kb6 Kd3 75. Kc7 Kd4 76. Kd6 Rxc5 77. Kc7 b5 0-1


[Site "https://www.chess.com"]

[Event "Titled Tuesday Blitz July 11 Early 2023"]
[White "Mihailidis, Anastasios"]
[Black "Kim, Sergey"]
[WhiteFideId "4205588"]
[BlackFideId "13700570"]
[WhiteElo "2460"]
[BlackElo "2575"]
[Result "1-0"]
[Round "6"]
[TimeControl "180+2"]
[Date "2023.07.11"]
[WhiteClock "0:00:53"]
[BlackClock "0:00:07"]
[Board "100"]

1. e4 e5 2. Nf3 Nc6 3. d4 exd4 4. Nxd4 Bc5 5. Nf5 Qf6 6. Nc3 Nge7 7. Ne3 d6 8. Be2 Ne5 9. O-O h5 10. Kh1 Ng4 11. Ned5 Nxd5 12. Nxd5 Qh4 13. h3 O-O 14. Be3 Bxe3 15. Bxg4 Bxg4 16. f3 Bxh3 17. Nxe3 Be6+ 18. Kg1 Rfe8 19. f4 Bg4 20. Qd3 Rad8 21. Rae1 c6 22. f5 Qg3 23. f6 g6 24. Qd2 Rxe4 25. Nf5 Bxf5 26. Qh6 1-0


[Site "https://www.chess.com"]

[Event "Titled Tuesday Blitz July 11 Early 2023"]
[White "Rodriguez Fontecha, Marcos"]
[Black "Palczert, Matyas"]
[WhiteFideId "2256576"]
[BlackFideId "784958"]
[WhiteElo "2454"]
[BlackElo "2572"]
[Result "0-1"]
[Round "6"]
[TimeControl "180+2"]
[Date "2023.07.11"]
[WhiteClock "0:00:00"]
[BlackClock "0:00:51"]
[Board "101"]

1. e4 c5 2. Nc3 e6 3. g3 d5 4. Bg2 Nf6 5. d3 Nc6 6. Nh3 dxe4 7. Nxe4 Nxe4 8. Bxe4 e5 9. Bg2 Be7 10. O-O O-O 11. Be3 Be6 12. f4 Qd7 13. Nf2 exf4 14. Bxf4 Bd5 15. Ne4 f5 16. Nc3 Bxg2 17. Kxg2 Bf6 18. Re1 Nd4 19. Kg1 Qc6 20. Rf1 Rae8 21. Qh5 b5 22. Nd1 g6 23. Qh3 Re2 24. Nf2 Nf3+ 0-1


[Site "https://www.chess.com"]

[Event "Titled Tuesday Blitz July 11 Early 2023"]
[White "Avazkhonov, Alikhon"]
[Black "Aggelis, Nikolaos"]
[WhiteFideId "14208504"]
[BlackFideId "4213220"]
[WhiteElo "2442"]
[BlackElo "2561"]
[Result "1-0"]
[Round "6"]
[TimeControl "180+2"]
[Date "2023.07.11"]
[WhiteClock "0:01:27"]
[BlackClock "0:01:16"]
[Board "102"]

1. d4 f5 2. g3 Nf6 3. Bg2 g6 4. c4 Bg7 5. Nf3 O-O 6. O-O d6 7. Nc3 c6 8. Re1 Ne4 9. Qd3 d5 10. Bf4 e6 11. Rad1 Nd7 12. h4 Ndf6 13. Ne5 Qe8 14. f3 Nxc3 15. bxc3 b6 16. e4 Ba6 17. exf5 gxf5 18. g4 fxg4 19. fxg4 Nxg4 20. Nxg4 Rxf4 21. Qg3 Qf7 22. Nh6+ Kh8 23. Nxf7+ Rxf7 24. cxd5 exd5 25. Re6 Rg8 26. Qe3 Bc8 27. Re8 Rff8 28. Rxf8 Bxf8 29. Rf1 Bg4 30. Rxf8 Rxf8 31. Qe5+ Kg8 32. Qg5+ 1-0


[Site "https://www.chess.com"]

[Event "Titled Tuesday Blitz July 11 Early 2023"]
[White "JonSnowNW1"]
[Black "AyMitecK"]
[WhiteElo "2432"]
[BlackElo "2560"]
[Result "1-0"]
[Round "6"]
[TimeControl "180+2"]
[Date "2023.07.11"]
[WhiteClock "0:00:36"]
[BlackClock "0:01:13"]
[Board "103"]

1. c4 e6 2. e4 c5 3. Nc3 Nc6 4. g3 Nf6 5. Bg2 d6 6. Nge2 Be7 7. O-O Nd4 8. d3 O-O 9. Rb1 Rb8 10. Nxd4 cxd4 11. Ne2 e5 12. b4 b5 13. cxb5 Rxb5 14. a4 Rb7 15. Ba3 Bd7 16. b5 Qa5 17. Bb4 Qd8 18. Nc1 a6 19. bxa6 Ra7 20. a5 Rxa6 21. Qb3 Be6 22. Qa3 Qa8 23. Nb3 Nd7 24. Rfc1 Nc5 25. Nxc5 dxc5 26. Bd2 Rc8 27. f4 f6 28. fxe5 fxe5 29. Qa4 Qa7 30. Qb5 Bd7 31. Qb7 Rc7 32. Qd5+ Re6 33. Bh3 Qa6 34. Rb6 Qc8 35. Bxe6+ Bxe6 36. Qxe6+ Qxe6 37. Rxe6 Kf7 38. Rb6 Bd8 39. a6 Rc8 40. Rb7+ Ke6 41. a7 c4 42. Rb8 Rxb8 43. axb8=Q c3 44. Qc8+ Ke7 45. Bg5+ Kf7 46. Rf1+ Kg6 47. Qf5+ Kh5 48. Bf4+ g5 49. Qxh7+ Kg4 50. h3# 1-0


[Site "https://www.chess.com"]

[Event "Titled Tuesday Blitz July 11 Early 2023"]
[White "Yurasova, Daria"]
[Black "Arencibia Monduy, Antonio"]
[WhiteFideId "34146919"]
[BlackFideId "3507939"]
[WhiteElo "2429"]
[BlackElo "2559"]
[Result "1-0"]
[Round "6"]
[TimeControl "180+2"]
[Date "2023.07.11"]
[WhiteClock "0:01:24"]
[BlackClock "0:00:00"]
[Board "104"]

1. d4 Nf6 2. Bg5 c5 3. d5 d6 4. Bxf6 gxf6 5. c3 Qc7 6. g3 Bd7 7. Bg2 Na6 8. e4 c4 9. Ne2 Nc5 10. O-O h5 11. Nd2 Nd3 12. Qc2 Bb5 13. Nd4 Ba6 14. Rfd1 h4 15. N2f3 hxg3 16. hxg3 Bh6 17. a4 Qb6 18. Bf1 Rc8 19. Rab1 Ne5 20. b4 Nxf3+ 21. Nxf3 Rg8 22. Nd4 e5 23. dxe6 fxe6 24. Qe2 Ke7 25. b5 Qc5 26. bxa6 b6 27. Rb5 Qc7 28. Bh3 Bg5 29. Nxe6 Qc6 30. Nxg5 Rxg5 31. Bxc8 1-0


[Site "https://www.chess.com"]

[Event "Titled Tuesday Blitz July 11 Early 2023"]
[White "robertoalejandro10"]
[Black "Melikhov, Evgeny V."]
[BlackFideId "4122046"]
[WhiteElo "2555"]
[BlackElo "2427"]
[Result "1-0"]
[Round "6"]
[TimeControl "180+2"]
[Date "2023.07.11"]
[WhiteClock "0:01:04"]
[BlackClock "0:00:17"]
[Board "105"]

1. d4 Nf6 2. e3 d5 3. Nf3 c5 4. c3 e6 5. Bd3 Nc6 6. O-O Bd6 7. Nbd2 O-O 8. Qe2 e5 9. dxe5 Nxe5 10. Nxe5 Bxe5 11. Nf3 Bc7 12. h3 Qe7 13. Rd1 Rd8 14. b3 Ne4 15. Bb2 c4 16. bxc4 dxc4 17. Bxc4 Bf5 18. Bb3 Ng5 19. Nxg5 Qxg5 20. Qf3 Bd3 21. e4 Qe5 22. Rxd3 Qh2+ 23. Kf1 Rxd3 24. Qxd3 Qh1+ 25. Ke2 Qxg2 26. Qf3 Qg6 27. Bd5 Rd8 28. Rd1 Qa6+ 29. Ke1 Be5 30. Bxf7+ 1-0


[Site "https://www.chess.com"]

[Event "Titled Tuesday Blitz July 11 Early 2023"]
[White "Orlov, Georgi"]
[Black "whiteglovethief"]
[WhiteFideId "2011271"]
[WhiteElo "2549"]
[BlackElo "2426"]
[Result "1/2-1/2"]
[Round "6"]
[TimeControl "180+2"]
[Date "2023.07.11"]
[WhiteClock "0:00:17"]
[BlackClock "0:00:25"]
[Board "106"]

1. e4 d5 2. exd5 Qxd5 3. Nc3 Qa5 4. d4 Nf6 5. Bd2 c6 6. Nf3 Bg4 7. h3 Bxf3 8. Qxf3 e6 9. O-O-O Bb4 10. a3 Bxc3 11. Bxc3 Qd5 12. Qg3 Qa2 13. Bd3 Nbd7 14. Qxg7 Rg8 15. Qh6 Rxg2 16. Rdf1 O-O-O 17. Qf4 Nd5 18. Qf3 Rdg8 19. Kd2 Nxc3 20. bxc3 Qxa3 21. Ra1 Qd6 22. Rxa7 Nb6 23. Qxf7 Nd7 24. Re1 Rf8 25. Ra8+ Nb8 26. Qxe6+ Qxe6 27. Rxe6 Rfxf2+ 28. Kc1 Kd7 29. Rh6 Kc7 30. Rxh7+ Nd7 31. c4 Rg1+ 32. Kb2 Rg3 33. Kc3 c5 34. h4 cxd4+ 35. Kxd4 Rf4+ 36. Kc3 Rh3 37. h5 Rf5 38. h6 Rfh5 39. Rah8 b6 40. Kb4 Rh1 41. Bg6 Rb1+ 42. Kc3 Rh3+ 43. Bd3 Rbh1 44. Kb2 R1h2 45. c5 Rxd3 46. cxb6+ Kxb6 47. Rg7 Rdd2 48. Ka3 Nc5 49. Rb8+ Kc6 50. Rc8+ Kb5 51. Rb8+ Kc4 52. Rg4+ Kc3 53. Rg3+ Kxc2 54. Rb2+ Kd1 55. Rg1+ Ke2 56. Rxd2+ Kxd2 57. Kb4 Nd3+ 58. Kc4 Rxh6 59. Kd5 Rh4 60. Ke6 Ke3 61. Rg3+ Ke4 62. Kf6 Nf4 63. Ke7 Rh6 64. Kd7 Nd5 65. Rg5 Kd4 66. Ke8 Kc5 67. Kf7 Kd6 68. Rg6+ Rxg6 69. Kxg6 1/2-1/2


[Site "https://www.chess.com"]

[Event "Titled Tuesday Blitz July 11 Early 2023"]
[White "Kielinkei"]
[Black "Kumala, Aleksander"]
[BlackFideId "1141880"]
[WhiteElo "2418"]
[BlackElo "2548"]
[Result "1/2-1/2"]
[Round "6"]
[TimeControl "180+2"]
[Date "2023.07.11"]
[WhiteClock "0:00:05"]
[BlackClock "0:00:36"]
[Board "107"]

1. c4 e5 2. Nc3 f5 3. g3 Nc6 4. Bg2 Nf6 5. e3 g6 6. Nge2 Bg7 7. d4 exd4 8. exd4 O-O 9. O-O d6 10. Re1 Kh8 11. Nf4 Bd7 12. Ne6 Bxe6 13. Rxe6 Qd7 14. Re1 Rae8 15. Be3 Ng4 16. d5 Nxe3 17. Rxe3 Nd4 18. Qd3 f4 19. Rxe8 Qxe8 20. Be4 fxg3 21. hxg3 Qf7 22. f4 Qd7 23. Ne2 Nxe2+ 24. Qxe2 Qh3 25. Qe3 Rxf4 26. Bg2 Bd4 27. Qxd4+ Rxd4 28. Bxh3 Rxc4 29. Bg2 Rc2 30. Rb1 Kg7 31. a4 Kf6 32. b4 Ke5 33. a5 h5 34. b5 g5 35. b6 axb6 36. axb6 cxb6 37. Rxb6 h4 38. gxh4 gxh4 39. Rxb7 h3 40. Bxh3 Kxd5 41. Bg2+ Ke5 42. Re7+ Kf4 43. Rf7+ Kg3 44. Rf3+ Kg4 45. Rd3 Rc1+ 46. Kf2 Rc2+ 47. Kf1 Rc1+ 48. Kf2 Rc2+ 49. Kg1 Rc1+ 50. Bf1 Rc6 51. Kf2 Kf4 52. Be2 Rb6 53. Rf3+ Ke5 54. Rd3 d5 55. Bf3 d4 56. Rd2 Rb4 57. Be2 Kf4 58. Bd3 Rb8 59. Ke2 Rh8 60. Kd1 Ke3 61. Bf1 Rh1 62. Re2+ Kd3 63. Ke1 Kc3 64. Rg2 Rh3 65. Rf2 Re3+ 66. Kd1 d3 67. Bxd3 Kxd3 68. Rd2+ Kc3 69. Rc2+ Kd3 70. Rd2+ Kc3 71. Rc2+ Kd3 72. Rd2+ 1/2-1/2


[Site "https://www.chess.com"]

[Event "Titled Tuesday Blitz July 11 Early 2023"]
[White "Haitin, Ilja"]
[Black "Shubenkova, Veronika"]
[WhiteFideId "4501764"]
[BlackFideId "44124040"]
[WhiteElo "2382"]
[BlackElo "2542"]
[Result "0-1"]
[Round "6"]
[TimeControl "180+2"]
[Date "2023.07.11"]
[WhiteClock "0:00:00"]
[BlackClock "0:01:24"]
[Board "108"]

1. Nf3 d5 2. e3 e6 3. b3 f5 4. Bb2 Nf6 5. c4 c6 6. Nc3 Bd6 7. d3 O-O 8. g3 Qe7 9. Bg2 Bc7 10. O-O Nbd7 11. Re1 e5 12. cxd5 cxd5 13. Nb5 Bb8 14. Ba3 Qe8 15. Bxf8 Nxf8 16. Nc3 e4 17. dxe4 fxe4 18. Nd4 Bg4 19. Qd2 Be5 20. h3 Bd7 21. Rac1 h5 22. Nce2 g5 23. f4 Bd6 24. fxg5 N6h7 25. h4 Ng6 26. Nf4 Ne5 27. Nxd5 Nd3 28. Nc7 Qe5 29. Nxa8 Qxg3 30. Qxd3 exd3 31. Red1 Qxe3+ 32. Kh1 Qxd4 33. Rc4 Qe3 34. Bd5+ Kg7 35. Rcc1 Qe2 36. Bg2 Bh3 37. Rg1 Qe3 0-1


[Site "https://www.chess.com"]

[Event "Titled Tuesday Blitz July 11 Early 2023"]
[White "MAHanif"]
[Black "Sidletskyi, Ivan"]
[BlackFideId "14156024"]
[WhiteElo "2389"]
[BlackElo "2532"]
[Result "1/2-1/2"]
[Round "6"]
[TimeControl "180+2"]
[Date "2023.07.11"]
[WhiteClock "0:00:07"]
[BlackClock "0:00:00"]
[Board "109"]

1. d4 Nf6 2. Nf3 d5 3. g3 c5 4. Bg2 cxd4 5. Nxd4 e5 6. Nf3 Nc6 7. O-O Be6 8. Nbd2 Bc5 9. c3 O-O 10. Qc2 h6 11. e4 d4 12. cxd4 Bxd4 13. Nb3 Rc8 14. Nbxd4 Nxd4 15. Qa4 Bc4 16. Re1 b5 17. Qxa7 Ra8 18. Qc5 Nd7 19. Qd6 Nc2 20. Bd2 Nxa1 21. Rxa1 Rxa2 22. Rxa2 Bxa2 23. Bc3 Nf6 24. Qxe5 Qd1+ 25. Ne1 Bc4 26. Qd4 Rd8 27. Qxd1 Rxd1 28. f3 Nd7 29. Kf2 Nc5 30. Bf1 f6 31. Be2 Rd7 32. Nc2 Bxe2 33. Kxe2 Nb3 34. Ne3 Nd4+ 35. Kf2 Ne6 36. Nd5 Nc7 37. Nb4 Kf7 38. Ke3 Ke6 39. Nc6 Rd1 40. Nd4+ Kd7 41. Ba5 Ne6 42. Nxb5 Rb1 43. Bc3 Rh1 44. h4 Rg1 45. Kf2 Rd1 46. Na3 Kc6 47. Nc2 Nc5 48. Ne3 Rd7 49. Nf5 Kb5 50. Ke3 Kc4 51. Ke2 Kb3 52. Ne3 Nd3 53. Nd5 Nxb2 54. Bxb2 Kxb2 55. Ke3 Kb3 56. Kd4 Kc2 57. f4 Kd2 58. g4 Ke2 59. g5 fxg5 60. fxg5 hxg5 61. hxg5 Kf3 62. Ke5 Kg4 63. g6 Kg5 64. Nf4 Re7+ 65. Ne6+ Kh6 66. Kd6 Re8 67. Kd7 Ra8 68. Nf4 Ra4 69. Nd5 Rxe4 70. Kd6 Rd4 71. Ke5 Rxd5+ 72. Kxd5 Kxg6 73. Ke4 Kh5 74. Kf3 Kh4 75. Kg2 Kg4 76. Kh2 g6 77. Kg2 g5 78. Kg1 Kg3 79. Kh1 Kf2 80. Kh2 g4 81. Kh1 Kf3 82. Kh2 Kf2 83. Kh1 1/2-1/2


[Site "https://www.chess.com"]

[Event "Titled Tuesday Blitz July 11 Early 2023"]
[White "Yurovskykh, Oleksandr"]
[Black "Thiel, Thomas"]
[WhiteFideId "14134020"]
[BlackFideId "4615964"]
[WhiteElo "2530"]
[BlackElo "2232"]
[Result "1-0"]
[Round "6"]
[TimeControl "180+2"]
[Date "2023.07.11"]
[WhiteClock "0:00:10"]
[BlackClock "0:00:00"]
[Board "110"]

1. d4 d5 2. Bf4 Nf6 3. e3 c5 4. c3 Qb6 5. Qb3 c4 6. Qc2 Nc6 7. Nd2 g6 8. e4 Nxe4 9. Nxe4 dxe4 10. Bxc4 Bg7 11. Qb3 O-O 12. Qxb6 axb6 13. Ne2 e5 14. dxe5 Nxe5 15. Bxe5 Bxe5 16. O-O Bg4 17. Ng3 Rae8 18. Nxe4 Bxh2+ 19. Kxh2 Rxe4 20. Bd5 Re5 21. Bxb7 Rb8 22. Bc6 Rc8 23. Ba4 Be6 24. Bd1 Bc4 25. Rh1 Rd8 26. Bf3 Rd2 27. b3 Be6 28. Kg3 Rg5+ 29. Kf4 Ra5 30. Ke3 Raxa2 31. Rxa2 Rxa2 32. Rb1 Ra3 33. Bd1 Bf5 34. Rb2 Ra1 35. Bf3 Rc1 36. c4 Rc3+ 37. Kf4 Kg7 38. Be4 Be6 39. g4 h6 40. f3 Kf6 41. Bd5 1-0


[Site "https://www.chess.com"]

[Event "Titled Tuesday Blitz July 11 Early 2023"]
[White "Atanasov, Radislav"]
[Black "Hajiyev, Kanan"]
[WhiteFideId "2901471"]
[BlackFideId "13404148"]
[WhiteElo "2218"]
[BlackElo "2528"]
[Result "0-1"]
[Round "6"]
[TimeControl "180+2"]
[Date "2023.07.11"]
[WhiteClock "0:01:25"]
[BlackClock "0:00:22"]
[Board "111"]

1. e4 c6 2. c4 d5 3. exd5 cxd5 4. cxd5 Nf6 5. Nc3 Nxd5 6. Nf3 e6 7. d4 Nc6 8. Bd3 Bb4 9. Bd2 O-O 10. O-O Nf6 11. Be3 b6 12. Bc2 Bb7 13. Qd3 Be7 14. a3 Re8 15. Rfe1 Rc8 16. Rad1 g6 17. Bh6 Bf8 18. Bxf8 Rxf8 19. Bb3 Na5 20. Ba2 Kg7 21. Ne5 Nc6 22. Qh3 Qc7 23. Re3 Rcd8 24. Qh4 Nxe5 25. dxe5 Rxd1+ 26. Nxd1 Nd5 27. Rh3 h5 28. Qg5 Qc2 29. Bb3 Qe4 30. Bxd5 Qe1# 0-1


[Site "https://www.chess.com"]

[Event "Titled Tuesday Blitz July 11 Early 2023"]
[White "Ishowmoves57"]
[Black "Chen, Max"]
[BlackFideId "2622440"]
[WhiteElo "2148"]
[BlackElo "2527"]
[Result "1-0"]
[Round "6"]
[TimeControl "180+2"]
[Date "2023.07.11"]
[WhiteClock "0:00:16"]
[BlackClock "0:00:00"]
[Board "112"]

1. e4 c6 2. d4 d5 3. Nc3 dxe4 4. Nxe4 Nf6 5. Nxf6+ exf6 6. Nf3 Bd6 7. Bd3 O-O 8. O-O Nd7 9. c3 Re8 10. Qc2 Nf8 11. Be3 Qc7 12. h3 h5 13. Nd2 Ne6 14. Ne4 Nf4 15. Nxd6 Qxd6 16. Bxf4 Qxf4 17. Rfe1 Be6 18. a3 Bd5 19. Qc1 Rxe1+ 20. Qxe1 Qg5 21. Bf1 f5 22. Qe5 Qd2 23. Qe2 Qg5 24. Qe5 Qd2 25. Qe2 Qxe2 26. Bxe2 h4 27. Bd3 g6 28. Re1 Be6 29. f4 Rd8 30. b4 b6 31. Be2 c5 32. dxc5 bxc5 33. bxc5 Rc8 34. Rb1 Rxc5 35. c4 a5 36. Rb5 Rc7 37. c5 a4 38. Bf3 Kf8 39. c6 Ke7 40. Rb7 Kd6 41. Rb4 Bb3 42. Rd4+ Kc5 43. Rd7 Kb6 44. Rd4 f6 45. Rb4+ Kc5 46. Rb7 Kd6 47. Rb4 g5 48. fxg5 fxg5 49. Kf2 Rf7 50. Rd4+ Kc5 51. Rd7 Rf8 52. c7 Bg8 53. Rd8 g4 54. Rxf8 g3+ 55. Ke3 f4+ 56. Kxf4 Bd5 57. c8=Q+ Kd4 58. Qd7 Kc3 59. Rc8+ Kb2 60. Qxd5 Ka1 61. Qd4+ Ka2 62. Qd2+ 1-0


[Site "https://www.chess.com"]

[Event "Titled Tuesday Blitz July 11 Early 2023"]
[White "Ahmad, Khagan"]
[Black "Mazurkiewicz, Michal"]
[WhiteFideId "13431552"]
[BlackFideId "1124943"]
[WhiteElo "2625"]
[BlackElo "2422"]
[Result "1-0"]
[Round "6"]
[TimeControl "180+2"]
[Date "2023.07.11"]
[WhiteClock "0:00:20"]
[BlackClock "0:00:00"]
[Board "113"]

1. Nf3 Nf6 2. c4 g6 3. Nc3 Bg7 4. g3 O-O 5. Bg2 d6 6. O-O c5 7. d4 cxd4 8. Nxd4 Qa5 9. Rb1 Nc6 10. Nxc6 bxc6 11. b4 Qh5 12. h4 Bf5 13. Bxc6 Bxb1 14. Bxa8 Rxa8 15. Nxb1 Rc8 16. Qd3 Ng4 17. Bf4 Ne5 18. Bxe5 Qxe5 19. Nd2 Qc3 20. Rb1 h5 21. Kg2 Rb8 22. Qxc3 Bxc3 23. Ne4 Bd4 24. e3 Be5 25. a3 Rc8 26. c5 f5 27. Ng5 dxc5 28. bxc5 Rxc5 29. Rb7 Bd6 30. Rxa7 Rc3 31. a4 Ra3 32. a5 Ra2 33. a6 Kg7 34. Ra8 Kf6 35. Rf8+ Kg7 36. Ne6+ Kh7 37. Ra8 1-0


[Site "https://www.chess.com"]

[Event "Titled Tuesday Blitz July 11 Early 2023"]
[White "Nikologorsky, Matfei"]
[Black "Fiorito, Joaquin"]
[WhiteFideId "24102474"]
[BlackFideId "180173"]
[WhiteElo "2421"]
[BlackElo "2614"]
[Result "0-1"]
[Round "6"]
[TimeControl "180+2"]
[Date "2023.07.11"]
[WhiteClock "0:00:02"]
[BlackClock "0:00:18"]
[Board "114"]

1. e4 c5 2. Nf3 d6 3. d4 cxd4 4. Nxd4 Nf6 5. Nc3 a6 6. h3 h5 7. Bg5 e5 8. Nde2 Be7 9. Nc1 Be6 10. Nb3 Nbd7 11. Be2 Rc8 12. O-O b5 13. a3 Qc7 14. Qe1 O-O 15. Rd1 Rfe8 16. Kh1 g6 17. f4 exf4 18. Nd4 Ne5 19. Rxf4 Nh7 20. Bxe7 Qxe7 21. Nxe6 fxe6 22. Qd2 Rcd8 23. Qe3 Kg7 24. Rff1 Qg5 25. Qa7+ Rd7 26. Qxa6 Nf6 27. Rxd6 Rde7 28. Qxb5 Rh8 29. Rb6 Rf8 30. Rb7 Rxb7 31. Qxb7+ Rf7 32. Qb5 Qg3 33. a4 Rc7 34. Qb6 Rc6 35. Qf2 Qg5 36. Qf4 Qxf4 37. Rxf4 Nfd7 38. Rf1 Rb6 39. b3 Rc6 40. Nb5 Rxc2 41. Bf3 Nc5 42. Nd4 Rd2 43. Rc1 Ncd3 44. Rc7+ Kf6 45. Nb5 Nf2+ 46. Kg1 Nxh3+ 47. gxh3 Nxf3+ 48. Kf1 g5 49. a5 g4 50. hxg4 hxg4 51. Rc3 Ra2 52. b4 Kg5 53. Nd6 Kf4 54. Nc4 g3 55. Rxf3+ Kxf3 56. Ne5+ Kxe4 57. Ng4 Kf4 58. Nf6 Kf3 59. Ke1 g2 60. b5 g1=Q# 0-1


[Site "https://www.chess.com"]